 Dungeon Crawl Stone Soup version 0.24.0-125-gc4c63601f3 (webtiles) character file.

Game seed: 18394593474036392889, levelgen mode: deterministic

1124 vangore the Chopper (level 8, 0/71 HPs)
             Began as a Minotaur Berserker on Mar 5, 2020.
             Was an Initiate of Nemelex Xobeh.
             Slain by an adder (2 damage)
             ... on level 6 of the Dungeon.
             The game lasted 00:26:08 (4578 turns).

vangore the Chopper (Minotaur Berserker)            Turns: 4578, Time: 00:26:08

Health: 0/71       AC: 10    Str: 24    XL:     8   Next: 13%
Magic:  7/7        EV: 10    Int:  4    God:    Nemelex Xobeh [......]
Gold:   267        SH:  5    Dex: 10    Spells: 7/7 levels left

rFire    . . .     SeeInvis .   x - +0 morningstar
rCold    . . .     Gourm    .   g - +2 buckler
rNeg     . . .     Faith    .   t - +1 scale mail {rPois}
rPois    +         Spirit   .   (helmet restricted)
rElec    .         Reflect  .   (no cloak)
rCorr    .         Harm     .   (no gloves)
MR       .....                  B - +1 pair of boots
Stlth    ..........             (no amulet)
HPRegen  0.21/turn              (no ring)
MPRegen  0.10/turn              (no ring)

@: drained
A: retaliatory headbutt, horns 2
a: Draw Escape, Draw Destruction, Draw Summoning, Renounce Religion


You were on level 6 of the Dungeon.
You worshipped Nemelex Xobeh.
Nemelex Xobeh was noncommittal.
You were near starving.

You visited 1 branch of the dungeon, and saw 7 of its levels.

You collected 316 gold pieces.
You spent 49 gold pieces at shops.

Inventory:

Hand Weapons
 a - a +0 hand axe
 c - a +0 hand axe
 n - a +0 hunting sling
 x - a +0 morningstar (weapon)
Armour
 b - a +0 animal skin
 d - a +0 chain mail
 g - a +2 buckler (worn)
 t - a +1 scale mail of poison resistance (worn)
 B - a +1 pair of boots (worn)
Magical Staves
 w - an uncursed staff of death {unknown}
Jewellery
 G - an uncursed amulet of the acrobat {unknown}
Wands
 r - a wand of paralysis (8)
 u - a wand of random effects (15)
 z - a wand of flame (16)
Scrolls
 e - a scroll of enchant armour {unknown}
 i - 3 scrolls of identify {unknown}
 k - a scroll of fog {unknown}
 l - a scroll of enchant weapon {unknown}
 m - 2 scrolls of teleportation {unknown}
 p - 4 scrolls of remove curse {unknown}
 s - a scroll of noise {unknown}
 y - 2 scrolls of immolation {unknown}
Potions
 f - 3 potions of curing {unknown}
 h - a potion of lignification {unknown}
 j - a potion of flight {unknown}
 o - a potion of cancellation {unknown}
 q - a potion of brilliance {unknown}
 v - a potion of heal wounds {unknown}
 A - 3 potions of berserk rage {unknown}
 C - a potion of agility {unknown}
 D - a potion of haste {unknown}
 E - a potion of degeneration {unknown}


   Skills:
 + Level 6.4(5.2) Fighting
 + Level 6.7(6.2) Axes
 + Level 4.6(5.1) Maces & Flails
 + Level 5.8(4.6) Armour
 + Level 3.3(2.2) Dodging
 + Level 0.4(0.0) Stealth
 + Level 2.7(1.6) Shields


You had 7 spell levels left.
You didn't know any spells.
Your spell library contained the following spells:

 Spells                   Type           Power        Failure   Level  Hunger
 Confusing Touch          Hex            #.....       88%         1    ##.....
 Confuse                  Hex            #.......     99%         3    ####...
 Gell's Gravitas          Tloc           #.........   99%         3    ####...
 Petrify                  Tmut/Erth      #.......     100%        4    #####..
 Metabolic Englaciation   Hex/Ice        #.........   100%        5    ######.
 Yara's Violent Unravell  Hex/Tmut       #.........   100%        5    ######.


Dungeon Overview and Level Annotations

Branches:
Dungeon (7/15)
 Temple: D:4-7

Altars:
Elyvilon
Hepliaklqana
Nemelex Xobeh
Ru
Sif Muna
Trog
Zin

Shops:
D:4 ?


Innate Abilities, Weirdness & Mutations

You reflexively headbutt those who attack you in melee.
You have a pair of horns on your head.


Message History

You feel sick. The adder misses you.
You feel sick.
The wight hits you with a cursed +0 falchion.
* * * LOW HITPOINT WARNING * * *
You feel drained.
* * * LOW HITPOINT WARNING * * *
You open the door.
The adder bites you but does no damage. x2
Found a stone staircase leading down.
There is an open door here.
You feel sick.
You feel sick.
You are no longer poisoned.
The wight hits you with a cursed +0 falchion.
* * * LOW HITPOINT WARNING * * *
You feel drained.
There is a stone staircase leading down here.
The adder bites you.
You die...
Your body disappears without a glow.

#.......#
#####...#
#...#
##'###
#....#
#####....#
#........#
#.....z..#
#.....S@.#
#........#
#........#
#........#
#........#
#........#
#.........
...........
#####


You could see a wight and an adder.

Vanquished Creatures
  Sigmund (D:4)
  Menkaure (D:5)
  A phantom (D:4)
  A centaur (D:5)
  A bullfrog (D:6)
  2 wights (D:7)
  A crimson imp (D:5)
  A jelly (D:6)
  An orc wizard (D:3)
  2 orc priests (D:3)
  A hound (D:4)
  An iguana (D:4)
  Ijyb (D:4)
  Natasha (thrice) (D:4)
  2 worker ants (D:6)
  Robin (D:4)
  3 gnolls (D:3)
  2 adders (D:2)
  An ooze (D:2)
  An adder skeleton (D:6)
  4 worms
  A dart slug (D:2)
  6 leopard geckos
  7 orcs
  2 ball pythons
  6 giant cockroaches
  18 goblins
  6 hobgoblins
  8 jackals
  A quokka (D:2)
  7 bats
  3 frilled lizards
  5 kobolds
  7 rats
109 creatures vanquished.

Notes
Turn   | Place    | Note
-------+----------+-------------------------------------------
     0 | D:1      | vangore the Minotaur Berserker began the quest for the Orb.
     0 | D:1      | Reached XP level 1. HP: 19/19 MP: 0/0
   162 | D:1      | Reached XP level 2. HP: 17/27 MP: 1/1
   564 | D:2      | Reached XP level 3. HP: 34/34 MP: 2/2
   712 | D:1      | Reached ** piety under Trog
  1038 | D:1      | You fall into a shaft and drop 1 floor!
  1048 | D:2      | Reached XP level 4. HP: 41/41 MP: 3/3
  1417 | D:3      | Reached skill level 5 in Axes
  1526 | D:3      | Reached skill level 5 in Fighting
  1526 | D:3      | Reached XP level 5. HP: 34/48 MP: 4/4
  1531 | D:3      | Reached *** piety under Trog
  1707 | D:3      | Found a glowing silver altar of Zin.
  2139 | D:4      | Noticed Natasha
  2141 | D:4      | Killed Natasha
  2218 | D:4      | Noticed Natasha
  2218 | D:4      | Noticed a phantom
  2228 | D:4      | Killed Natasha
  2228 | D:4      | Reached XP level 6. HP: 54/57 MP: 5/5
  2281 | D:4      | Reached skill level 1 in Shields
  2439 | D:4      | Noticed Sigmund
  2470 | D:4      | Killed Sigmund
  2470 | D:4      | Reached XP level 7. HP: 26/63 MP: 6/6
  2701 | D:4      | Noticed Natasha
  2716 | D:4      | Killed Natasha
  2716 | D:4      | Reached skill level 5 in Armour
  2967 | D:4      | Found Satui's Magic Scroll Emporium.
  2974 | D:4      | Bought a scroll of magic mapping for 49 gold pieces
  3019 | D:4      | Noticed Ijyb
  3026 | D:4      | Killed Ijyb
  3026 | D:4      | Reached skill level 1 in Maces & Flails
  3075 | D:4      | Found a sacrificial altar of Ru.
  3078 | D:4      | Found a bloodstained altar of Trog.
  3114 | D:4      | Noticed Robin
  3162 | D:4      | Killed Robin
  3288 | D:5      | Entered Level 5 of the Dungeon
  3304 | D:5      | Noticed Menkaure
  3312 | D:5      | Killed Menkaure
  3312 | D:5      | Reached **** piety under Trog
  3986 | D:5      | Found a hazy altar of Hepliaklqana.
  4119 | D:5      | Found a shimmering blue altar of Sif Muna.
  4309 | D:6      | Found a sparkling altar of Nemelex Xobeh.
  4324 | D:6      | Fell from the grace of Trog
  4324 | D:6      | Became a worshipper of Nemelex Xobeh the Trickster
  4437 | D:6      | Reached XP level 8. HP: 66/71 MP: 7/7
  4519 | D:6      | Found a white marble altar of Elyvilon.
  4522 | D:6      | Received a gift from Nemelex Xobeh
  4528 | D:6      | You fall into a shaft and drop 1 floor!
  4568 | D:6      | HP: 3/71 [wight/cursed +0 falchion (4)]
  4576 | D:6      | HP: 2/71 [poisoned by a wight]
  4578 | D:6      | Slain by an adder

Levels and vault maps discovered:
D:1:      dpeg_arrival_ternary, layout_loops_ring
D:2:      layout_loops_cross, marbit_many_paths, first_ration, minmay_bisected
D:3:      layout_rooms, zin_statuary
D:4:      layout_basic, nicolae_overflow_hidden_temple, serial_shops,
          kennysheep_little_box, minmay_close_crescents, uniq_natasha,
          uniq_sigmund, uniq_robin, uniq_ijyb
D:5:      layout_cave_pools, lemuel_blue_sif_altar,
          lemuel_coloured_pillars_altar, uniq_menkaure
D:6:      layout_gridville, elyvilon_altar_5, nemelex_xobeh_ov_fountains_minmay,
          uniq_blork_the_orc
D:7:      layout_gridville, minmay_temple_entry_enclosed_plants,
          uniq_crazy_yiuf_cottage, uniq_prince_ribbit1, uniq_joseph

Skill      XL: |  1  2  3  4  5  6  7 |
---------------+----------------------+-----
Axes           | 4 5 6 |  6.7
Fighting       | 4 5 6 |  6.4
Armour         | 3 4 5 |  5.8
Shields        | 1 2 |  2.7
Maces & Flails | 4 |  4.6
Dodging        | 3 |  3.3
Stealth        | |  0.4

Action                   |  1- 3 |  4- 6 |  7- 9 || total
-------------------------+-------+-------+-------++-------
Melee: Hand axe          |    84 |   110 |    13 ||   207
       Headbutt          |    11 |    17 |    16 ||    44
       Morningstar       |       |       |    83 ||    83
  Use: Scroll            |       |       |     1 ||     1
  Eat: Ration            |       |     2 |     1 ||     3
Armor: Chain mail        |    45 |    43 |    37 ||   125
       Animal skin       |     2 |       |       ||     2
       Scale mail        |       |       |    16 ||    16
Dodge: Dodged            |    51 |    41 |    47 ||   139
Block: Buckler           |    11 |    26 |    28 ||    65
